[Event "*** SCC Grand Prix: Titled Tuesday Blitz"]
[Site "Chess.com"]
[Date "2020.06.09"]
[Round "9"]
[White "Alopekos"]
[Black "novendrapriasmoro"]
[Result "1-0"]
[WhiteElo "2510"]
[BlackElo "2648"]
[TimeControl "180+1"]
[EndTime "10:46:02 PDT"]
[Termination "Alopekos won by checkmate"]

1. e4 c5 2. Nc3 Nc6 3. Nge2 g6 4. d4 cxd4 5. Nxd4 Bg7 6. Nxc6 bxc6 7. Bc4 d6 8. Qf3 Nf6 9. e5 dxe5 10. Qxc6+ Bd7 11. Qa6 O-O 12. O-O Qc7 13. Bb3 e4 14.
h3 Rac8 15. Be3 Ra8 16. Rad1 Rfd8 17. Rd2 Bc8 18. Qc4 Qa5 19. Qc5 Rxd2 20. Qxa5 Rd6 21.
Rd1 Rxd1+ 22. Nxd1 Bd7 23. Nc3 a6 24. Nxe4 Bc6 25.
Ng5 e6 26. Qc7 Bd7 27. Bd4 Be8 28. Nxe6 fxe6 29. Bxe6+ Kh8 30. Qe7 Nh5 31. Qf8# 1-0

[Event "*** SCC Grand Prix: Titled Tuesday Blitz"]
[Site "Chess.com"]
[Date "2020.06.09"]
[Round "9"]
[White "Karateloru"]
[Black "woodhy"]
[Result "0-1"]
[WhiteElo "2613"]
[BlackElo "2478"]
[TimeControl "180+1"]
[EndTime "10:46:03 PDT"]
[Termination "woodhy won by resignation"]

1. e4 e6 2. Nc3 d5 3. Nf3 Nf6 4. e5 Nfd7 5. d4 c5 6. dxc5 Nc6 7. Bf4 Bxc5 8. Bd3 f6 9. exf6 Nxf6 10. O-O O-O 11.
Ne5 Bd6 12. Qe2 Nxe5 13. Bxe5 Bxe5 14. Qxe5 Ng4 15. Qg3 e5 16. h3 e4 17. Bxe4 dxe4 18.
hxg4 Qb6 19. b3 Qc6 20. Rfe1 Bxg4 21. Nxe4 Bf5 22. Nd6 Qxc2 23. Re7 Bg6 24. Rf1 Qxa2 25. Qe5 Rf6 26. Qd5+ Kh8 27. Rxb7 Raf8 28. Qd4 a5 29. Ra7 h6 30. b4 Qc2 31. Rxa5 Bd3 32. Rc5 Qe2 33.
Ra1 Rxf2 34. Qd5 Rf1+ 35. Rxf1 Qxf1+ 36. Kh2 Qf4+ 37. g3 Qd2+ 38. Kh3 Bf1+ 39. Kh4 Qh2+ 40. Kg4 Be2+ 0-1

[Event "*** SCC Grand Prix: Titled Tuesday Blitz"]
[Site "Chess.com"]
[Date "2020.06.09"]
[Round "9"]
[White "bmt011"]
[Black "monstertube"]
[Result "1-0"]
[WhiteElo "2115"]
[BlackElo "2150"]
[TimeControl "180+1"]
[EndTime "10:46:07 PDT"]
[Termination "bmt011 won by resignation"]

1. d4 d5 2. Bf4 c5 3. e3 Nf6 4. Nd2 Nc6 5. c3 Bf5 6. Ngf3 e6 7. Bb5 Bd6 8. Ne5 Bxe5 9. Bxe5 O-O 10. Bxc6 bxc6 11. dxc5 a5 12. b4 Nd7 13. Bd6 Re8 14.
O-O e5 15. e4 dxe4 16. Qe2 Qh4 17. g3 Qh3 18. Nxe4 Bg4 19. Qe3 Be6 20. Ng5 Qf5 21.
Nxe6 Qxe6 22. Rfe1 f6 23. a4 axb4 24. cxb4 Qc4 25. Qd2 Nf8 26. Qa2 Qxa2 27. Rxa2 Ne6 28.
Rea1 Nd4 29. Kf1 Red8 30. Ke1 Nf5 31. Bc7 Rd4 32. b5 cxb5 33. axb5 Rxa2 34. Rxa2 Rc4 35. b6 Nd4 36. b7 Nc6 37. Bb6 Kf7 38. Ra8 Ke6 39.
Rc8 1-0

[Event "*** SCC Grand Prix: Titled Tuesday Blitz"]
[Site "Chess.com"]
[Date "2020.06.09"]
[Round "9"]
[White "abhidabhi"]
[Black "kirillshevchenko"]
[Result "0-1"]
[WhiteElo "2723"]
[BlackElo "2905"]
[TimeControl "180+1"]
[EndTime "10:46:08 PDT"]
[Termination "kirillshevchenko won by resignation"]

1. e4 c5 2. c3 d5 3. exd5 Qxd5 4.
d4 Nc6 5. Nf3 Bf5 6. Be3 cxd4 7.
Nxd4 Nf6 8. Na3 Ng4 9. Nab5 O-O-O 10. Nxc6 Qxd1+ 11. Rxd1 Rxd1+ 12. Kxd1 Nxe3+ 13. fxe3 bxc6 14. Nd4 Be4 15. Kd2 e5 16. Nf3 f6 17. Bd3 Bd5 18. e4 Be6 19. b4 g6 20. Kc2 Bh6 21. Nd2 Rd8 22. Nb3 Be3 23. Rf1 Bb6 24. Rxf6 Kd7 25. Nd2 Ke7 26. Rf3 Bxa2 27. c4 Bd4 28. Rh3 h5 29. Nf3 Ba1 30. Rg3 Rb8 31. Rxg6 Rxb4 32.
Rxc6 Rb2+ 33. Kc1 Rxg2 34. Bc2 Bc3 35. Ra6 Bxc4 36. Rxa7+ Kd6 37. Ba4 Bb2+ 38. Kb1 Bd3+ 0-1

[Event "*** SCC Grand Prix: Titled Tuesday Blitz"]
[Site "Chess.com"]
[Date "2020.06.09"]
[Round "9"]
[White "BursaBBSatranc"]
[Black "aa175"]
[Result "1-0"]
[WhiteElo "2524"]
[BlackElo "2390"]
[TimeControl "180+1"]
[EndTime "10:46:08 PDT"]
[Termination "BursaBBSatranc won by checkmate"]

1. d4 e5 2. dxe5 Nc6 3. Nf3 Qe7 4. Bf4 Qb4+ 5. Bd2 Qxb2 6. Nc3 Bb4 7. Rb1 Qxc3 8.
Bxc3 Bxc3+ 9. Nd2 Nxe5 10. e3 Nf6 11. Bd3 d6 12. O-O O-O 13. Ne4 Nxe4 14. Bxe4 Ba5 15.
Bxb7 Bxb7 16. Rxb7 Bb6 17. Qd5 Nd7 18. Qc6 Nc5 19. Rxc7 Bxc7 20. Qxc7 Rfc8 21. Qxd6 Ne4 22. Qd3 Nc5 23. Qa3 Rc7 24. Rd1 Rac8 25. h3 h6 26. Rd4 Ne6 27. Rd2 Nc5 28. Qa5 Ne4 29. Rd8+ Rxd8 30.
Qxc7 Rd1+ 31. Kh2 Nxf2 32. Qc8+ Kh7 33. Qf5+ g6 34. Qxf2 Rd7 35. Qf6 a5 36. c4 a4 37.
c5 a3 38. c6 Rc7 39. Qd6 Rc8 40. c7 g5 41. Qd7 Rf8 42. c8=Q Rxc8 43. Qxc8 g4 44.
Qf5+ Kh8 45. Qxg4 h5 46. Qxh5+ Kg7 47. Qg5+ Kf8 48. h4 Ke8 49. h5 Kd7 50. h6 f6 51.
Qxf6 Kc7 52. h7 Kd7 53. h8=Q Kc7 54. Qh7+ Kc8 55. Qf8# 1-0

[Event "*** SCC Grand Prix: Titled Tuesday Blitz"]
[Site "Chess.com"]
[Date "2020.06.09"]
[Round "9"]
[White "Berant"]
[Black "volcanoexplorer"]
[Result "1-0"]
[WhiteElo "2350"]
[BlackElo "2517"]
[TimeControl "180+1"]
[EndTime "10:46:08 PDT"]
[Termination "Berant won by resignation"]

1. e4 Nc6 2. d4 d6 3. Nc3 g6 4. Be3 Bg7 5. Qd2 Nf6 6. Be2 e5 7. d5 Ne7 8. Bh6 O-O 9. h4 c6 10. Bxg7 Kxg7 11. h5 cxd5 12. hxg6 fxg6 13. exd5 Nf5 14.
Nf3 a6 15. O-O-O b5 16. Bd3 b4 17. Ne4 Nxe4 18. Bxe4 Ra7 19. g4 Nd4 20. Nxd4 Qa5 21. Qh6+ Kg8 22. Bxg6 hxg6 23. Qh8+ Kf7 24. Qh7+ Kf6 25.
g5+ Kxg5 26. Rdg1+ Kf4 27. Qh6+ Ke4 28. Qxf8 Kxd4 29. Qxc8 Rc7 30. Rh4+ Kc5 31. Qb8 b3 32.
axb3 Qa1+ 33. Kd2 Qa5+ 34. b4+ Kxd5 35. bxa5 Rc5 36. Qb7+ 1-0

[Event "*** SCC Grand Prix: Titled Tuesday Blitz"]
[Site "Chess.com"]
[Date "2020.06.09"]
[Round "9"]
[White "Ural_bogatyr"]
[Black "PotapovaM"]
[Result "1-0"]
[WhiteElo "2313"]
[BlackElo "2422"]
[TimeControl "180+1"]
[EndTime "10:46:09 PDT"]
[Termination "Ural_bogatyr won on time"]

1. e4 c5 2. Nf3 d6 3. d4 cxd4 4. Qxd4 Nc6 5. Bb5 Bd7 6. Bxc6 Bxc6 7. Nc3 Nf6 8. Bg5 e6 9. O-O-O Be7 10. Bxf6 Bxf6 11.
Qxd6 Qa5 12. Nd4 Bxd4 13. Rxd4 Rc8 14. Rhd1 h5 15. Kb1 Qg5 16. Nd5 Bxd5 17. exd5 e5 18.
Re4 f6 19. Qe6+ Kd8 20. Qd6+ Ke8 21. Rb4 b6 22. Ra4 Qf5 23. Rc1 1-0

[Event "*** SCC Grand Prix: Titled Tuesday Blitz"]
[Site "Chess.com"]
[Date "2020.06.09"]
[Round "9"]
[White "AlexOstrovskiy"]
[Black "yobdc"]
[Result "0-1"]
[WhiteElo "2577"]
[BlackElo "2308"]
[TimeControl "180+1"]
[EndTime "10:46:10 PDT"]
[Termination "yobdc won on time"]

1. d4 Nf6 2. Bg5 d5 3. Bxf6 exf6 4. e3 Bd6 5. g3 h5 6. h4 c6 7. Bg2 Nd7 8. Ne2 Nb6 9. Nd2 Bg4 10. b3 Qd7 11. c4 dxc4 12. bxc4 Bb4 13. Rc1 Be6 14. O-O Bxd2 15. Qxd2 Bxc4 16. Rfd1 O-O 17. Nf4 g6 18. Qb2 Rfe8 19. a4 Bd5 20. a5 Bxg2 21. Kxg2 Nd5 22. Nd3 b6 23. axb6 axb6 24. Rc2 Rxe3 25. fxe3 Nxe3+ 26. Kh2 Nxd1 27. Qxb6 Ra3 28. Rd2 Ne3 29. Qb8+ Kg7 30.
Qf4 Ng4+ 31. Kg2 Qd5+ 32. Qf3 Qxd4 0-1

[Event "*** SCC Grand Prix: Titled Tuesday Blitz"]
[Site "Chess.com"]
[Date "2020.06.09"]
[Round "9"]
[White "ChessQueen"]
[Black "chessplayer9919"]
[Result "1-0"]
[WhiteElo "2668"]
[BlackElo "2515"]
[TimeControl "180+1"]
[EndTime "10:46:10 PDT"]
[Termination "ChessQueen won by resignation"]

1. Nf3 d5 2. g3 Nf6 3. Bg2 Bf5 4. O-O c6 5. c4 e6 6. cxd5 exd5 7. d3 Be7 8. Qb3 Qb6 9. Qc2 h6 10. Nc3 Bh7 11.
e4 dxe4 12. dxe4 O-O 13. Be3 Qc7 14. Bf4 Qa5 15. Nd4 Nbd7 16. Qe2 Rfe8 17. Nb3 Qh5 18. f3 Nc5 19. g4 Qg6 20. Nd4 Ne6 21. Nxe6 fxe6 22. h4 Qf7 23. Bg3 Nd7 24. Rad1 Nb6 25.
f4 Rad8 26. Kh2 Bb4 27. Rxd8 Rxd8 28. Rd1 Rxd1 29. Nxd1 Qd7 30. Nf2 Qd2 31. Qxd2 Bxd2 32. Nd3 Nc4 33. b3 Ne3 34. Bf3 Nf1+ 35. Kg2 Nxg3 36. Kxg3 g5 37. hxg5 hxg5 38. f5 exf5 39. gxf5 Kf8 40. Kg4 Bg8 41. Nc5 b6 42. Nd7+ Ke7 43. Ne5 c5 44. Ng6+ Kd6 45. e5+ Kd7 46. Be2 a6 47. Bxa6 Bd5 48. Bb5+ Kd8 49. e6 1-0

[Event "*** SCC Grand Prix: Titled Tuesday Blitz"]
[Site "Chess.com"]
[Date "2020.06.09"]
[Round "9"]
[White "Jbd735"]
[Black "Pintacara"]
[Result "0-1"]
[WhiteElo "2446"]
[BlackElo "2357"]
[TimeControl "180+1"]
[EndTime "10:46:10 PDT"]
[Termination "Pintacara won on time"]

1. e4 c5 2. Nf3 e6 3. d4 cxd4 4. Nxd4 a6 5. Bd3 Qc7 6. O-O Nf6 7. Nc3 d6 8. Be3 Nbd7 9. f4 b5 10. f5 e5 11. Nde2 Bb7 12. a3 h5 13. h3 Rc8 14.
Qe1 d5 15. exd5 Nxd5 16. Nxd5 Bxd5 17. Nc3 Bb7 18. Ne4 Nc5 19. Nxc5 Bxc5 20. f6 g6 21. b4 Bd6 22. Bg5 O-O 23. Bh6 e4 24. Bxf8 Rxf8 25.
Be2 Re8 26. c4 bxc4 27. Rc1 Bd5 28. Qd2 Rd8 29. Kh1 Be5 30. Qg5 Qd6 31. Bxh5 Kh7 32. Bg4 c3 33. Rcd1 c2 34. Rc1 Bb3 35. Qh4+ Kg8 36.
Be2 e3 37. Qe4 Qd4 0-1

[Event "*** SCC Grand Prix: Titled Tuesday Blitz"]
[Site "Chess.com"]
[Date "2020.06.09"]
[Round "9"]
[White "Matibar"]
[Black "Borsuk_Konstantin"]
[Result "1-0"]
[WhiteElo "2711"]
[BlackElo "2562"]
[TimeControl "180+1"]
[EndTime "10:46:11 PDT"]
[Termination "Matibar won on time"]

1. d4 Nf6 2. Bg5 e6 3. Nd2 h6 4. Bh4 c5 5. e3 b6 6. c3 Ba6 7.
Bxa6 Nxa6 8. f4 cxd4 9. exd4 Be7 10. Qf3 b5 11. Ne2 Nc7 12. O-O Ncd5 13. Rae1 a5 14. Nc1 a4 15. a3 g6 16. Nd3 Rc8 17. Bxf6 Nxf6 18. Qe2 Kf8 19. Nf3 d6 20. Kh1 Qd7 21. Nb4 Qb7 22. Nh4 Rg8 23. Nc2 d5 24. Nf3 Ne4 25. Ne5 f6 26. Nd3 f5 27. Rd1 Bd6 28. Nce1 Ke8 29. Nf3 Rc7 30. Nfe5 Rcg7 31. Rb1 g5 32.
Qh5+ Kd8 33. Qxh6 Qc8 34. fxg5 Kc7 35. g6 Qf8 36. Qf4 Rh8 37. b3 1-0

[Event "*** SCC Grand Prix: Titled Tuesday Blitz"]
[Site "Chess.com"]
[Date "2020.06.09"]
[Round "9"]
[White "ftorodent"]
[Black "guillembaches"]
[Result "1-0"]
[WhiteElo "2662"]
[BlackElo "2483"]
[TimeControl "180+1"]
[EndTime "10:46:12 PDT"]
[Termination "ftorodent won on time"]

1. d4 Nf6 2. c4 e6 3. Nf3 d5 4. Nc3 Be7 5. Bf4 O-O 6. e3 b6 7. cxd5 Nxd5 8. Nxd5 Qxd5 9. Bd3 Bb4+ 10. Ke2 Ba6 11.
a3 Bd6 12. Bxd6 cxd6 13. Bxa6 Nxa6 14. Qd3 b5 15. Rhc1 Rfc8 16. a4 Nc7 17. Rc2 bxa4 18.
Rxa4 Nb5 19. Rac4 Rxc4 20. Rxc4 h6 21. Qc2 Qb7 22. Rc6 a5 23. Rc4 Rb8 24. Ne1 e5 25. dxe5 dxe5 26. Kf1 Qa7 27. Rc5 e4 28. Rc8+ Rxc8 29.
Qxc8+ Kh7 30. Qc6 Qb8 31. Qxe4+ Kg8 32. g3 Nd6 33. Qe5 Qc7 34. Kg1 a4 35. Nd3 Qb6 36. Qc5 Qb8 37. Qb4 1-0

[Event "*** SCC Grand Prix: Titled Tuesday Blitz"]
[Site "Chess.com"]
[Date "2020.06.09"]
[Round "9"]
[White "chargemax23"]
[Black "SergeyKarjakin"]
[Result "0-1"]
[WhiteElo "2707"]
[BlackElo "2961"]
[TimeControl "180+1"]
[EndTime "10:46:14 PDT"]
[Termination "SergeyKarjakin won by resignation"]

1. c4 c5 2. Nc3 g6 3. Nf3 Bg7 4. e3 Nf6 5. d4 O-O 6. d5 d6 7. h3 e6 8. e4 exd5 9. exd5 Re8+ 10. Be3 Bh6 11. Bd3 Bxe3 12. fxe3 Rxe3+ 13. Kf2 Re8 14. Rf1 Na6 15. a3 Nc7 16. Kg1 b5 17. Ng5 bxc4 18. Bxc4 Re5 19. Qd2 Bb7 20. Nf3 Re7 21. Rad1 Ne4 22.
Nxe4 Rxe4 23. b3 Qe7 24. Qh6 f6 25. Nh2 Rf8 26. Ng4 f5 27. Nf2 Re3 28. Ng4 Re4 29. Nf2 Rd4 30. Rde1 Qf7 31. Qh4 Rxh4 0-1

[Event "*** SCC Grand Prix: Titled Tuesday Blitz"]
[Site "Chess.com"]
[Date "2020.06.09"]
[Round "9"]
[White "bazar-wokzal"]
[Black "ClassyEl"]
[Result "1-0"]
[WhiteElo "2393"]
[BlackElo "2494"]
[TimeControl "180+1"]
[EndTime "10:46:14 PDT"]
[Termination "bazar-wokzal won on time"]

1. e4 d6 2. f4 c5 3. Nc3 Nc6 4.
Nf3 Rb8 5. h3 a6 6. g4 b5 7. Bg2 e6 8. O-O h5 9. g5 g6 10. d3 Bg7 11. Nh4 b4 12. Ne2 Nd4 13.
Ng3 Ne7 14. Bd2 a5 15. c3 Nb5 16. Rc1 d5 17. f5 Be5 18. Bf4 Qd6 19. Qf3 Bxf4 20.
Qxf4 Qxf4 21. Rxf4 e5 22. Rf2 bxc3 23. bxc3 d4 24.
cxd4 Nxd4 25. Rxc5 Nec6 26. fxg6 O-O 27. Nxh5 fxg6 28.
Rxf8+ Kxf8 29. Nxg6+ Kg8 30. Nxe5 Nxe5 31. Rxe5 Be6 32.
Rxa5 Rb2 33. g6 Rxa2 34. Rxa2 Bxa2 35. Kf2 Bb1 36. Ke3 Nc2+ 37. Kd2 Nd4 38. e5 Ba2 39. Ke3 Nf5+ 40. Kf4 Ne7 41. Be4 Be6 42. h4 Ba2 43. Kg5 Bb1 44. Nf6+ Kg7 45. h5 1-0

[Event "*** SCC Grand Prix: Titled Tuesday Blitz"]
[Site "Chess.com"]
[Date "2020.06.09"]
[Round "9"]
[White "DonPreuss"]
[Black "MathiasWomacka"]
[Result "0-1"]
[WhiteElo "2221"]
[BlackElo "2393"]
[TimeControl "180+1"]
[EndTime "10:46:14 PDT"]
[Termination "MathiasWomacka won by resignation"]

1. d4 Nf6 2. Nc3 d5 3. e4 Nxe4 4. Nxe4 dxe4 5. Bc4 Bf5 6. c3 e6 7. Ne2 Bd6 8. O-O O-O 9. Ng3 Bg6 10. Qe2 Qh4 11. f3 exf3 12. Qxf3 Nc6 13. Be3 e5 14. d5 Qxc4 15. dxc6 Qxc6 16. Qxc6 bxc6 17. b3 a5 18. Nf5 Bxf5 19. Rxf5 f6 20. Rf2 Kf7 21.
Rd2 Ke6 22. Rad1 Rfd8 23. c4 Be7 24. Kf2 Rxd2+ 25. Rxd2 a4 26. c5 axb3 27. axb3 f5 28. g3 Ra3 29. Rb2 g5 30. Ke2 f4 31. gxf4 gxf4 32.
Bf2 e4 33. Bd4 Kd5 34. Rd2 Rxb3 35. Be3+ Ke5 36. Bd4+ Ke6 37. Bh8 Rh3 38. Kd1 Bxc5 39. Rc2 Kd5 40. Rd2+ Rd3 41. Rxd3+ exd3 42. Kd2 Ke4 43.
h4 Bb4+ 44. Kd1 c5 45. h5 c4 46. h6 c3 47. Bf6 c2+ 48. Kc1 Ba3+ 0-1

[Event "*** SCC Grand Prix: Titled Tuesday Blitz"]
[Site "Chess.com"]
[Date "2020.06.09"]
[Round "9"]
[White "tan275"]
[Black "PattyCastillo"]
[Result "1-0"]
[WhiteElo "2186"]
[BlackElo "1908"]
[TimeControl "180+1"]
[EndTime "10:46:15 PDT"]
[Termination "tan275 won on time"]

1. d4 d5 2. c4 c6 3. Nc3 Nf6 4. e3 e6 5. Bd3 dxc4 6. Bxc4 b5 7.
Be2 Bb7 8. Nf3 a6 9. O-O c5 10. a4 b4 11. Nb1 Nbd7 12. Nbd2 Rc8 13. b3 cxd4 14. exd4 Be7 15. Nc4 O-O 16. a5 Nd5 17.
Nfe5 Nc3 18. Qe1 Nxe5 19. dxe5 Bd5 20. Be3 Qc7 21. Nb6 Bxb3 22. Nxc8 Rxc8 23. Bxa6 Ra8 24.
Be2 Qxe5 25. Bf3 Rd8 26. a6 h5 27. a7 Bd5 28. Bxd5 Qxd5 29. Qd2 Qa8 30. Qb2 Rd7 31. h3 Nd5 32. Qe5 Nxe3 33. Qb8+ Rd8 34. Qxa8 Rxa8 35. fxe3 Bc5 36. Kf2 Rxa7 37. Rxa7 Bxa7 38.
Rc1 Kh7 39. Rc4 b3 40. Rb4 Bc5 41. Rxb3 Kg6 42. Rb5 Bd6 43. Kf3 1-0

[Event "*** SCC Grand Prix: Titled Tuesday Blitz"]
[Site "Chess.com"]
[Date "2020.06.09"]
[Round "9"]
[White "mishanick"]
[Black "1stSecond"]
[Result "1-0"]
[WhiteElo "2942"]
[BlackElo "2789"]
[TimeControl "180+1"]
[EndTime "10:46:16 PDT"]
[Termination "mishanick won by resignation"]

1. d4 Nf6 2. c4 c5 3. d5 e6 4. Nc3 exd5 5. cxd5 d6 6. e4 g6 7. h3 Bg7 8. Nf3 O-O 9. Bd3 a6 10.
a4 Nh5 11. O-O Re8 12. Re1 Nd7 13. g4 Nhf6 14. Bf4 h5 15. g5 Nh7 16. h4 f6 17.
Qd2 Ne5 18. Nxe5 fxe5 19. Bg3 Bg4 20. Be2 Qd7 21. Qd1 Bxe2 22. Qxe2 Rf8 23. Kg2 Rf7 24. f3 Rb8 25. a5 Qd8 26. Rf1 Qe7 27. Na4 Nf8 28. Nb6 Nd7 29. Nc4 Rbf8 30. Rab1 Kh7 31. b4 cxb4 32. Rxb4 Nc5 33. Rb6 Rd8 34. Qe3 Qc7 35.
Rc1 Bf8 36. Bf2 Be7 37. Qd2 Qd7 38. Bxc5 Rxf3 39. Kxf3 Qg4+ 40. Ke3 Rf8 41. Kd3 dxc5 42. Ne3 c4+ 43. Rxc4 Qxh4 44. Rxb7 Qxg5 45. Rcc7 Rf7 46. d6 Qf6 47. Rxe7 Qxd6+ 48. Ke2 1-0

[Event "*** SCC Grand Prix: Titled Tuesday Blitz"]
[Site "Chess.com"]
[Date "2020.06.09"]
[Round "9"]
[White "witcher8"]
[Black "pavelalexandru07"]
[Result "1-0"]
[WhiteElo "2417"]
[BlackElo "2170"]
[TimeControl "180+1"]
[EndTime "10:46:16 PDT"]
[Termination "witcher8 won by resignation"]

1. e4 c5 2. Nc3 Nc6 3. f4 g6 4.
Nf3 Bg7 5. Bc4 a6 6. a4 Nd4 7. O-O Rb8 8. a5 e6 9. f5 exf5 10. d3 Ne7 11. Bg5 f6 12. Be3 Ne6 13. Qd2 d6 14. exf5 Nxf5 15. Rae1 O-O 16. Bf2 Re8 17. g4 Nd4 18. Bxd4 cxd4 19. Nxd4 d5 20. Bxd5 Kh8 21. Nxe6 Bxe6 22. Rxe6 Rxe6 23. Bxe6 Qxa5 24. Bb3 Re8 25. Re1 Qc5+ 26. Kf1 Rd8 27. Re6 Qc7 28. Qe2 b5 29. Re8+ Bf8 30. Qe6 Rxe8 1-0

[Event "*** SCC Grand Prix: Titled Tuesday Blitz"]
[Site "Chess.com"]
[Date "2020.06.09"]
[Round "9"]
[White "margarita_2703"]
[Black "ajian"]
[Result "1-0"]
[WhiteElo "2366"]
[BlackElo "2423"]
[TimeControl "180+1"]
[EndTime "10:46:18 PDT"]
[Termination "margarita_2703 won by checkmate"]

1. Nf3 Nf6 2. d4 e6 3. Bg5 c5 4. e3 b6 5. Nbd2 Bb7 6. c3 Be7 7. Bd3 Nc6 8. e4 cxd4 9. cxd4 Nb4 10. Bb1 Ba6 11. Nb3 d5 12. e5 Ne4 13. Bxe7 Qxe7 14. a3 Nc6 15. Bd3 Bxd3 16. Qxd3 O-O 17. O-O f6 18.
exf6 Rxf6 19. Rac1 Qd6 20. Nbd2 Nxd2 21. Qxd2 Raf8 22.
Qe3 Ne7 23. Ne5 Nf5 24. Qd3 Ne7 25. Rce1 Rh6 26. g3 Ng6 27. Ng4 Rh5 28. Qe2 Re8 29. Nf6+ gxf6 30. Qxh5 Kg7 31. Qg4 Re7 32. h4 Kh8 33. h5 Nf8 34. Qf3 Nd7 35. Re2 f5 36.
Rfe1 Nf6 37. Qe3 Ne4 38. h6 Re8 39. Qf4 Qe7 40. f3 Nf6 41. Rxe6 Qxe6 42. Rxe6 Rxe6 43. Qg5 Ne8 44. Qxf5 Re7 45. Qf8# 1-0

[Event "*** SCC Grand Prix: Titled Tuesday Blitz"]
[Site "Chess.com"]
[Date "2020.06.09"]
[Round "9"]
[White "gross-aleks"]
[Black "TheBigBadChessDad"]
[Result "1-0"]
[WhiteElo "2591"]
[BlackElo "2280"]
[TimeControl "180+1"]
[EndTime "10:46:19 PDT"]
[Termination "gross-aleks won on time"]

1. c4 e6 2. Nf3 d5 3. e3 Nf6 4.
b3 Nbd7 5. Bb2 b6 6. cxd5 exd5 7. Bb5 Bb7 8. Nd4 a6 9. Bc6 Qc8 10. Qc2 Bc5 11. a3 Bxc6 12. Nxc6 Qb7 13. Nd4 O-O 14.
O-O Bxd4 15. Bxd4 c5 16. Bb2 Rac8 17. Qf5 Qc6 18. Nc3 Qe6 19. Qg5 h6 20. Qf4 Rfe8 21.
Ne2 Ne5 22. Bxe5 Qxe5 23. Qxe5 Rxe5 24. Rfc1 d4 25. Nxd4 Ne4 26. d3 Nd6 27. Nf3 Rd5 28. Rd1 Rd8 29. Rac1 Nb5 30. a4 Na7 31. Ne1 Nc6 32.
Kf1 Nb4 33. Ke2 Kf8 34. Rc4 b5 35. Re4 bxa4 36. bxa4 Rb8 37. Rc4 a5 38. Rd2 Ke7 39. e4 Rh5 40. h3 1-0

[Event "*** SCC Grand Prix: Titled Tuesday Blitz"]
[Site "Chess.com"]
[Date "2020.06.09"]
[Round "9"]
[White "Gerodot71"]
[Black "Panterov"]
[Result "1-0"]
[WhiteElo "2402"]
[BlackElo "2168"]
[TimeControl "180+1"]
[EndTime "10:46:19 PDT"]
[Termination "Gerodot71 won on time"]

1. d4 d5 2. c4 c6 3. Nf3 Nf6 4. Nc3 e6 5. e3 Be7 6. Be2 O-O 7. O-O Ne4 8. Qc2 f5 9. Ne5 Nd7 10. Nxd7 Bxd7 11. f3 Nxc3 12. bxc3 Bf6 13. Ba3 Re8 14. Bd3 g6 15. e4 Bg7 16. Rae1 Rc8 17. g4 fxe4 18.
fxe4 Qg5 19. Qg2 e5 20. exd5 Qxg4 21. Qxg4 Bxg4 22. dxc6 bxc6 23. Bc5 a5 24. Be4 Red8 25. dxe5 Bxe5 26. Re3 Rd2 27. Bg2 Re8 28. Rfe1 Rd1 29. Bxc6 Rxe1+ 30. Rxe1 Bd4+ 31. cxd4 Rxe1+ 32. Kf2 Ra1 33.
Kg3 Be6 34. d5 Bf7 35. d6 Rxa2 36. d7 Rd2 37. Bd5 Bxd5 38. d8=Q+ Kf7 39. Qe7+ 1-0

[Event "*** SCC Grand Prix: Titled Tuesday Blitz"]
[Site "Chess.com"]
[Date "2020.06.09"]
[Round "9"]
[White "VladimirBugayev"]
[Black "gumimis"]
[Result "1-0"]
[WhiteElo "2271"]
[BlackElo "2151"]
[TimeControl "180+1"]
[EndTime "10:46:20 PDT"]
[Termination "VladimirBugayev won on time"]

1. e4 c5 2. a3 d6 3. Nc3 Nc6 4.
Bc4 e6 5. d3 Nf6 6. Bg5 Be7 7.
Nf3 O-O 8. O-O d5 9. Bb5 a6 10. Bxc6 bxc6 11. e5 Nd7 12. Bxe7 Qxe7 13. d4 cxd4 14.
Qxd4 c5 15. Qf4 Bb7 16. Rfe1 Nb6 17. b3 a5 18. Nb5 a4 19. Nd6 Bc6 20. b4 cxb4 21.
Qxb4 Nc4 22. Nd4 Bd7 23. Nxc4 Qxb4 24. axb4 dxc4 25. c3 Rfd8 26. Ra3 Be8 27. f4 Rd5 28. Kf2 Bd7 29. g3 Ra6 30. Rb1 f6 31. exf6 gxf6 32. b5 Rb6 33. Rxa4 e5 34. Ne2 Rbxb5 35. Rab4 exf4 36.
Nxf4 Rd2+ 37. Ke3 Rxb4 38. Rxb4 Rxh2 39. Rxc4 Rc2 40. Rc7 Bf5 41. c4 Rc3+ 42. Kf2 Bg4 43. c5 Bf5 44. Nd5 1-0

[Event "*** SCC Grand Prix: Titled Tuesday Blitz"]
[Site "Chess.com"]
[Date "2020.06.09"]
[Round "9"]
[White "Nikolaj_6"]
[Black "Olga_Girya"]
[Result "1-0"]
[WhiteElo "2568"]
[BlackElo "2395"]
[TimeControl "180+1"]
[EndTime "10:46:21 PDT"]
[Termination "Nikolaj_6 won on time"]

1. e4 c6 2. d4 d5 3. e5 Bf5 4.
h4 h6 5. g4 Bh7 6. e6 fxe6 7. Bd3 Bxd3 8. Qxd3 Nf6 9. Qg6+ Kd7 10. Nf3 Qe8 11. Ne5+ Kc8 12. Qxe8+ Nxe8 13. Ng6 Rg8 14.
Bf4 Nd7 15. Nd2 e5 16. dxe5 e6 17. h5 Kd8 18. c4 Bb4 19. cxd5 cxd5 20. Ke2 Nf8 21.
Rac1 Nxg6 22. hxg6 Rf8 23. Bg3 Bxd2 24. Kxd2 Nc7 25. f4 Kd7 26. Ke3 Rac8 27. Rhf1 h5 28. f5 hxg4 29. f6 Rg8 30. f7 Rh8 31. Rh1 Rcf8 32.
Bh4 Na6 33. Bf6 Rxh1 34. Rxh1 gxf6 35. g7 1-0

[Event "*** SCC Grand Prix: Titled Tuesday Blitz"]
[Site "Chess.com"]
[Date "2020.06.09"]
[Round "9"]
[White "eCztery"]
[Black "dosto07"]
[Result "1/2-1/2"]
[WhiteElo "2389"]
[BlackElo "2160"]
[TimeControl "180+1"]
[EndTime "10:46:23 PDT"]
[Termination "Game drawn by repetition"]

1. d4 d5 2. Nc3 Nf6 3. Bf4 e6 4. e3 Bd6 5. Bd3 O-O 6. h4 c5 7. dxc5 Bxc5 8. g4 d4 9. g5 dxc3 10. gxf6 Qxf6 11. Qh5 g6 12. Qxc5 cxb2 13. Rb1 Na6 14.
Bxa6 bxa6 15. Qc6 Bb7 16. Qxb7 Qc3+ 17. Kf1 e5 18. Qxb2 Qc4+ 19. Kg2 exf4 20. Qd4 Qxc2 21. Nf3 fxe3 22. Qxe3 Rfe8 23. Qf4 Re4 24. Qg3 h5 25. Rb8+ Rxb8 26. Qxb8+ Kg7 27. Ng5 Rg4+ 28. Kh3 Qxf2 29. Qe5+ Kg8 30. Qe8+ Kg7 31. Qe5+ Kg8 32. Qe8+ Kg7 33. Qe5+ 1/2-1/2

[Event "*** SCC Grand Prix: Titled Tuesday Blitz"]
[Site "Chess.com"]
[Date "2020.06.09"]
[Round "9"]
[White "topin8"]
[Black "Vandros57"]
[Result "1-0"]
[WhiteElo "2367"]
[BlackElo "2212"]
[TimeControl "180+1"]
[EndTime "10:46:23 PDT"]
[Termination "topin8 won by resignation"]

1. e4 c5 2. Nf3 e6 3. c3 d5 4.
e5 d4 5. cxd4 cxd4 6. Bd3 Nc6 7.
O-O Nge7 8. a3 Ng6 9. Re1 Qc7 10.
Bxg6 hxg6 11. d3 Be7 12. b4 Bd7 13. Nbd2 O-O 14. Bb2 a5 15. b5 Na7 16. Rc1 Qd8 17.
a4 Bb4 18. Nxd4 Nc8 19. Re3 Nb6 20. Ne4 Nd5 21. Re2 Qe7 22. Rec2 Rfc8 23. Ne2 Rxc2 24.
Rxc2 Rc8 25. Rxc8+ Bxc8 26. Qc2 Qc7 27. Qxc7 Nxc7 28.
Bc3 Bxc3 29. N2xc3 b6 30. Nd6 Bd7 31. Nc4 Na8 32.
f4 Kf8 33. Kf2 Ke7 34. Ke3 Kd8 35. d4 Bc8 36. d5 Kc7 37. Nd6 Bb7 38. Nxf7 Bxd5 39.
Nxd5+ exd5 40. e6 Kc8 41. Kd4 Nc7 42. Nd6+ Kd8 43. Ke5 Ke7 44. Nc8+ Ke8 45. Nxb6 Ke7 46. Nxd5+ Ke8 47. Nxc7+ 1-0

[Event "*** SCC Grand Prix: Titled Tuesday Blitz"]
[Site "Chess.com"]
[Date "2020.06.09"]
[Round "9"]
[White "Batsai"]
[Black "KhatanbaatarBazar"]
[Result "0-1"]
[WhiteElo "2302"]
[BlackElo "2463"]
[TimeControl "180+1"]
[EndTime "10:46:24 PDT"]
[Termination "KhatanbaatarBazar won on time"]

1. e4 c5 2. Nf3 d6 3. d4 cxd4 4. Nxd4 Nf6 5. Nc3 a6 6. Bd3 Nc6 7. Nde2 g6 8. Bg5 Bg7 9. Qd2 h6 10. Bf4 g5 11. Be3 Ng4 12. h4 Nxe3 13. Qxe3 g4 14. O-O Ne5 15. Nd5 e6 16. Nb6 Rb8 17. g3 Bd7 18. Nxd7 Qxd7 19. Nf4 h5 20. Be2 Rc8 21.
c3 Rc6 22. Rfd1 Qc7 23. Nd3 Nc4 24. Qg5 Kf8 25. b3 Ne5 26. Nb4 Rxc3 27. Rac1 f6 28. Rxc3 Qxc3 29. Qd2 Qxd2 30. Rxd2 Ke7 31. Rc2 Kd7 32. Kf1 Bh6 33. Nd3 Nc6 34. a3 Nd4 35. Rc4 e5 36. Bd1 b5 37. Rc3 Bd2 38.
Rc2 Nxc2 39. Bxc2 Rc8 40. Bd1 Bh6 41. Ke2 Ke6 42. Nb4 a5 43. Nd5 f5 0-1